AoeStats
← shaggy

African Clearing

510966741Analyzed
2v2 RM · 14h ago on Oct 3, 2026· 46m 59s· 4 players
Game mode
Random Map
Map size
Medium (4 player)
Population
200
Speed
Normal
Resources
Standard
Victory
Conquest
Starting age
Dark Age
Ending age
Imperial Age
RankedLock teamsTeams togetherTeam positionsShared explorationLock speedFull tech treeHidden civsTurbo modeCheats
Victory
Defeat
🇩🇪 Bulgarians · Germany
1125
+14
🇩🇪 Huns · Germany
1041
+17
🇩🇪 Varangians · Germany
1074
-16
🇩🇪 Malay · Germany
1066
-15
LordOfHisOwnRoom
14:15 Feudal Age
18:28 Castle Age
16:46 Double-Bit Axe
18:31 Loom
21:39 Scale Barding Armor
21:45 Forging
21:41 Husbandry
28:25 Gold Mining
30:15 Bloodlines
30:23 Horse Collar
35:36 Imperial Age
34:02 Stone Mining
36:40 Conscription
37:04 Elite Jarl
38:32 Iron Casting
41:00 Cavalier
AlertBaum
7:44 Loom
13:54 Feudal Age
18:51 Castle Age
17:27 Horse Collar
19:34 Double-Bit Axe
22:47 Crossbowman
24:05 Fletching
24:21 Gold Mining
25:30 Thumb Ring
25:59 Bodkin Arrow
26:11 Elite Skirmisher
28:02 Padded Archer Armor
27:27 Pikeman
30:12 Leather Archer Armor
33:03 Gold Shaft Mining
34:32 Wheelbarrow
42:47 Imperial Age
41:15 Heavy Plow
41:28 Bow Saw
41:15 Stone Mining
42:32 Ballistics
42:31 Arbalester
44:09 Bracer
46:58 Conscription
breaker123
11:39 Loom
14:00 Feudal Age
17:39 Castle Age
15:25 Double-Bit Axe
16:51 Horse Collar
21:55 Bow Saw
24:48 Gold Mining
25:04 Padded Archer Armor
25:50 Husbandry
26:28 Bloodlines
27:05 Fletching
27:32 Bodkin Arrow
29:33 Wheelbarrow
28:43 Town Watch
29:30 Leather Archer Armor
30:00 Gold Shaft Mining
32:08 Forging
32:03 Scale Barding Armor
33:14 Iron Casting
32:00 Light Cavalry
32:56 Heavy Plow
39:10 Imperial Age
37:33 Ballistics
38:01 Hand Cart
38:51 Stone Mining
40:02 Chain Barding Armor
39:50 Cavalier
41:13 Chain Barding Armor
41:46 Bracer
42:22 Plate Barding Armor
42:24 Parthian Tactics
43:28 Chemistry
44:00 Blast Furnace
43:03 Hussar
45:05 Heavy Cavalry Archer
45:08 Paladin
47:53 Conscription
shaggy
6:17 Loom
13:05 Feudal Age
20:32 Castle Age
18:42 Double-Bit Axe
18:42 Fishing Lines
35:00 Imperial Age
33:19 Fletching
33:48 Horse Collar
34:35 Bow Saw
35:42 Bloodlines
35:18 Capped Ram
37:38 Scale Barding Armor
39:30 Forging
41:00 Iron Casting
42:29 Husbandry
45:52 Stone Mining
45:53 Gold Mining
45:35 Siege Ram
47:45 Chain Barding Armor
Connection lost

Rejoining the realm…

Still unreachable

The connection could not be restored.

Session expired

The server has moved on; the page needs a fresh start.